Map: Blueshift LE

Players

Serral - Winner!

  • Race: Terran Terran
  • League: Master
  • Spawn Location: 7:00

Enpo

  • Race: Protoss Protoss
  • League: Grandmaster
  • Spawn Location: 1:00

VOD

Have the link to the VOD?

Description

Time

  • Played on: Dec. 10, 2018, 10:11 a.m.
  • Length: 7:56
Show
View Real Time Build Order
Export as new Build Order

Serral Terran - Winner!

Build Orders: Cyclone Opening 

Get SALT Encoding   

  12  0:00  SCV  
  13  0:12  SCV  
  14  0:18  Supply Depot  
  14  0:25  SCV  
  15  0:39  SCV  
  15  0:40  Barracks  
  16  0:46  Refinery  
  16  0:51  SCV  
  16  0:55  Refinery  
  17  1:03  SCV  
  18  1:15  SCV  
  19  1:28  Reaper, Orbital Command  
  20  1:45  Factory  
  20  1:46  Supply Depot  
  20  1:54  SCV  
  20  2:00  Reaper  
  22  2:06  SCV  
  23  2:18  SCV  
  24  2:29  Factory Tech Lab  
  24  2:30  SCV  
  24  2:32  Command Center  
  25  2:43  SCV  
  26  2:56  Cyclone, SCV  
  30  3:00  Supply Depot  
  30  3:08  SCV  
  30  3:11  Starport  
  31  3:21  SCV  
  32  3:28  Mag-Field Accelerator  
  32  3:33  SCV  
  33  3:39  Cyclone  
  36  3:45  SCV  
  36  3:47  Orbital Command  
  37  3:57  SCV  
  38  4:09  Medivac  
  41  4:10  SCV  
  41  4:11  Barracks Reactor  
  41  4:17  SCV  
  41  4:22  SCV  
  41  4:23  Command Center  
  42  4:26  Cyclone  
  42  4:29  SCV  
  46  4:34  SCV  
  46  4:38  Barracks  
  47  4:39  Barracks  
  47  4:41  SCV  
  48  4:46  SCV  
  48  4:50  Starport Tech Lab  
  49  4:53  SCV  
  49  4:58  SCV  
  51  5:03  Marine, Stimpack  
  51  5:05  SCV  
  53  5:10  SCV  
  53  5:12  Engineering Bay  
  53  5:13  Refinery x2, Engineering Bay  
  53  5:14  Factory Reactor  
  53  5:18  SCV  
  54  5:27  Starport Reactor  
  54  5:34  Marine  
  54  5:35  Supply Depot x2, SCV x2  
  57  5:43  Marine x2, Marauder  
  57  5:44  Terran Infantry Armor Level 1, Terran Infantry Weapons Level 1  
  57  5:47  SCV, Orbital Command  
  62  5:52  Marine  
  59  6:00  Marine  
  59  6:01  Marine, Widow Mine x2  
  62  6:04  SCV, Marauder  
  62  6:06  Viking  
  62  6:10  Marine  
  64  6:13  SCV x2  
  66  6:18  Marine x2  
  68  6:26  Medivac  
  68  6:27  Marine, SCV x3  
  68  6:28  Marine  
  75  6:34  Combat Shield  
  75  6:36  Marine x2  
  75  6:39  SCV x3  
  80  6:44  Supply Depot  
  80  6:49  Marauder x2  
  80  6:51  SCV x2  
  86  6:54  Marine x2  
  86  6:57  SCV  
  89  7:03  SCV  
  89  7:04  Factory Reactor, Concussive Shells  
  89  7:06  Barracks  
  89  7:07  Barracks  
  90  7:10  Armory, SCV  
  91  7:16  Marine x2  
  91  7:17  Marauder x2  
  92  7:23  SCV x3  
  92  7:28  Supply Depot  
  99  7:35  Marine x2  
  98  7:40  Supply Depot, SCV  
  101  7:46  Supply Depot  
  99  7:52  Supply Depot  
Show
View Real Time Build Order
Export as new Build Order

Enpo Protoss 

Build Orders: 1 Gate Expand 

Get SALT Encoding   

  12  0:00  Probe  
  13  0:12  Probe  
  14  0:17  Pylon  
  14  0:24  Probe  
  15  0:32  Probe  
  15  0:38  Gateway  
  15  0:40  Probe  
  16  0:46  Assimilator  
  17  0:51  Probe  
  18  1:03  Probe  
  19  1:15  Probe  
  20  1:23  Nexus  
  20  1:34  Cybernetics Core  
  20  1:38  Probe  
  21  1:42  Zealot  
  23  1:53  Pylon  
  23  1:58  Assimilator  
  23  2:10  Adept  
  23  2:11  Probe  
  24  2:23  Probe  
  24  2:35  Probe  
  25  2:41  Adept  
  25  2:43  Probe  
  25  2:44  Probe  
  27  2:52  Probe  
  27  2:55  Probe  
  27  2:56  Warp Gate  
  29  3:11  Robotics Facility  
  29  3:17  Probe  
  30  3:21  Probe  
  30  3:24  Stalker  
  33  3:29  Probe  
  34  3:37  Probe  
  35  3:41  Probe  
  36  3:49  Probe  
  36  3:54  Probe  
  38  3:59  Immortal  
  38  4:01  Probe  
  40  4:06  Probe  
  43  4:11  Gateway  
  43  4:13  Probe  
  44  4:18  Probe  
  45  4:25  Probe  
  45  4:28  Gateway  
  46  4:31  Pylon  
  46  4:41  Warp Prism, Pylon  
  46  4:49  Probe x2  
  50  4:58  Pylon  
  48  5:01  Stalker  
  48  5:02  Probe  
  48  5:03  Probe  
  48  5:08  Stalker  
  48  5:14  Probe  
  51  5:15  Probe  
  52  5:25  Stalker x2  
  52  5:26  Probe  
  52  5:27  Probe  
  55  5:33  Stalker  
  52  5:41  Probe  
  51  5:48  Stalker x2  
  51  5:49  Probe  
  55  5:53  Probe  
  53  6:01  Probe  
  51  6:05  Probe  
  46  6:13  Probe  
  46  6:17  Immortal, Probe  
  50  6:26  Probe  
  50  6:31  Robotics Bay  
  51  6:34  Assimilator  
  51  6:35  Stalker  
  51  6:36  Probe  
  54  6:43  Probe  
  54  6:45  Assimilator  
  55  6:55  Nexus  
  55  6:59  Probe  
  56  7:02  Sentry  
  56  7:03  Sentry  
  56  7:06  Stalker, Probe  
  63  7:09  Probe  
  63  7:14  Probe  
  64  7:17  Probe  
  64  7:19  Pylon  
  58  7:25  Probe  
  58  7:37  Stalker  
  52  7:39  Probe x2  
  52  7:41  Zealot x2  
Tags
 
Add a new tag
Caveats
  • Supply blocks, unpowered buildings, or Contaminate may cause inaccurate times.
  • Supply counts are checked every 10 seconds.